 Dungeon Crawl Stone Soup version 0.16-a0-3218-g9b393b2 (webtiles) character file.

9947 Miyamura the Thaumaturge (level 11, -3/60 HPs)
             Began as a Deep Elf Fire Elementalist on Dec 20, 2014.
             Was an Elder of Vehumet.
             Slain by a spiny frog (23 damage)
             ... on level 2 of the Lair of Beasts.
             The game lasted 00:47:07 (14415 turns).

Miyamura the Thaumaturge (DEFE)                    Turns: 14415, Time: 00:47:07

Health: -3/60      AC:  7    Str:  5    XL:     11   Next: 29%
Magic:  21/33      EV: 19    Int: 24    God:    Vehumet [****..]
Gold:   699        SH:  0    Dex: 15    Spells: 5 memorised, 19 levels left

rFire  . . .     SeeInvis .     w - +0 short sword (freeze)
rCold  . . .     Clarity  .     H - +2 robe "Waghieff" {+Inv rElec Slay+4}
rNeg   . . .     SustAb   .     (no shield)
rPois  .         Gourm    .     s - +0 helmet
rElec  +         Spirit   .     q - +1 cloak
rCorr  +         Warding  .     (no gloves)
rMut   .         Stasis   .     (no boots)
MR     ++...                    z - amulet of resist corrosion
Stlth  ++++......               (no ring)
                                i - ring of protection from magic

@: lethally poisoned, very resistant to hostile enchantments, stealthy
A: no striking features
a: Renounce Religion, Evoke Invisibility


You were on level 2 of the Lair of Beasts.
You worshipped Vehumet.
Vehumet was greatly pleased with you.
You were very hungry.

You visited 3 branches of the dungeon, and saw 13 of its levels.

You collected 699 gold pieces.

Inventory:

Hand weapons
 w - a +0 short sword of freezing (weapon)
Armour
 q - a +1 cloak (worn)
 s - a +0 helmet (worn)
 H - the +2 robe "Waghieff" (worn) {+Inv rElec Slay+4}
   (You found it on level 6 of the Dungeon)

   It affects your accuracy and damage with ranged weapons and melee attacks
   (+4).
   It insulates you from electricity.
   It lets you turn invisible.
Jewellery
 i - a ring of protection from magic (left hand)
 z - an amulet of resist corrosion (around neck)
Magical devices
 a - a wand of confusion (15)
 u - a wand of lightning (6)
 G - a wand of draining (12)
 I - a wand of lightning (5)
 J - a wand of slowing (27)
Scrolls
 l - 4 scrolls of teleportation
 p - a scroll of enchant armour
 r - a scroll of blinking
 v - 3 scrolls of remove curse
 x - a scroll of holy word {unknown}
 y - a scroll of fog
 A - 2 scrolls of amnesia
 C - 2 scrolls of identify
 E - a scroll of recharging
Potions
 e - 2 potions of restore abilities
 f - 4 potions of curing
 h - a potion of heal wounds
 j - 5 potions of resistance
 k - 3 potions of cancellation
 m - 2 potions of magic {unknown}
 o - a potion of haste {unknown}
 t - 2 potions of might {unknown}
 D - a potion of berserk rage {unknown}
 F - a potion of degeneration {unknown}
Books
 b - a book of Flames

   Spells                             Type                      Level
   a - Flame Tongue                   Conjuration/Fire             1
   b - Throw Flame                    Conjuration/Fire             2
   c - Conjure Flame                  Conjuration/Fire             3
   d - Inner Flame                    Hexes/Fire                   3
   e - Sticky Flame                   Conjuration/Fire             4
   f - Fireball                       Conjuration/Fire             5
 g - a book of Battle

   Spells                             Type                      Level
   a - Infusion                       Charms                       1
   b - Shroud of Golubria             Charms/Translocation         2
   c - Song of Slaying                Charms                       2
   d - Spectral Weapon                Hexes/Charms                 3
   e - Regeneration                   Charms/Necromancy            3
Comestibles
 c - 9 bread rations
 d - a fruit
 n - 8 meat rations


   Skills:
 + Level 3.2 Fighting
 + Level 10.4 Dodging
 + Level 6.5 Stealth
 + Level 11.3 Spellcasting
 + Level 9.7 Conjurations
 - Level 8.9 Fire Magic


You had 19 spell levels left.
You knew the following spells:

 Your Spells              Type           Power        Failure   Level  Hunger
a - Flame Tongue          Conj/Fire      #####        1%          1    None
b - Throw Flame           Conj/Fire      ######       1%          2    None
c - Sticky Flame          Conj/Fire      ######..     1%          4    None
d - Fireball              Conj/Fire      ######....   1%          5    ####...
e - Freeze                Ice            ##..         1%          1    None


Dungeon Overview and Level Annotations

Branches:
Dungeon (9/15)             Temple (1/1) D:4            Lair (3/8) D:8
  Swamp: Lair:3-6    Shoals: Lair:3-6     Snake: Lair:3-6    Spider: Lair:3-6
    Orc: D:9-12

Altars:
Ashenzari
Cheibriados
Dithmenos
Elyvilon
Fedhas
Gozag
Kikubaaqudgha
Makhleb
Nemelex Xobeh
Okawaru
Qazlal
Ru
Sif Muna
Trog
Vehumet
Xom
Yredelemnul
Zin
The Shining One

Annotations:
D:9 Gastronok


Message History

The yak burns!
There is a stone staircase leading up, spattered with blood here.
The yak burns!
The yak stops burning.
The spiny frog stings you!!
You are poisoned.
The spiny frog poisons you! The yak closely misses you.
You climb upwards.
You feel sick.
There is a stone staircase leading down, spattered with blood here.
You feel sick. The yak completely misses you.
You feel sick.
Casting: Sticky Flame
Confirm with . or Enter, or press ? or * to list all spells.
Aiming: Sticky Flame
Press: ? - help, Shift-Dir - straight line, f - spiny frog
Aim: a spiny frog The sticky flame hits the spiny frog.
The spiny frog is lightly wounded.
The spiny frog is covered in liquid flames!
You feel sick.
The spiny frog burns!
The spiny frog completely misses you. The spiny frog stings you!!
You die...

...........#...............P...##
.......#.P.P[..##....#.#.........
#.....÷..........................
#..............P###..##..........
#............#................†..
#......................#..[......
.............P.........#......†..
.............P.#..P#..#.....>....
..P...#.........@F>........#.#.##
.................Y.........#####
.......#....##.###..#P.#..## #
###.........#### #.........# #
.......#....# #...<.#...# #
.......#....# #........## ###
.......#....# #.....#..#####.#
.......#....# #..#............
.......#....# #..#..P....###P.


You could see a yak and a spiny frog (burning).

Vanquished Creatures
  A hydra (Lair:1)
  2 black mambas (Lair:2)
  A centaur skeleton (D:8)
  A komodo dragon (Lair:1)
  5 spiny frogs
  2 fire drakes (Lair:2)
  4 yaks
  Eustachio (D:8)
  5 wolves (Lair:2)
  2 hippogriffs
  A hungry ghost (D:7)
  5 porcupines
  5 water moccasins
  3 orc warriors
  6 ogres
  4 crocodiles
  2 big kobolds
  2 centaurs
  A gnoll sergeant (D:8)
  5 giant frogs
  A water moccasin skeleton (D:7)
  2 scorpions
  A killer bee (D:7)
  A goliath beetle (D:7)
  A crimson imp (D:6)
  A giant frog zombie (D:7)
  A yellow wasp zombie (D:6)
  A jelly (D:7)
  A giant frog skeleton (D:6)
  3 orc priests
  4 hounds
  6 sheep (Lair:1)
  3 iguanas
  6 orc wizards
  3 worker ants
  Jessica (D:3)
  A hound skeleton (D:5)
  13 gnolls
  21 river rats
  7 adders
  2 worms
  An ooze (D:1)
  31 orcs
  A ball python (D:1)
  5 giant cockroaches
  13 hobgoblins
  14 jackals
  22 kobolds
  17 bats
  A giant cockroach zombie (D:5)
  6 giant geckos
  5 giant newts
  16 goblins
  A jackal skeleton (D:5)
  A jackal zombie (D:8)
  10 quokkas
  14 rats
  7 ballistomycetes (D:8)
  2 fungi
  A plant (Lair:2)
306 creatures vanquished.

Vanquished Creatures (others)
  A giant spore (D:8)
  2 fungi (Lair:2)
3 creatures vanquished.

Grand Total: 309 creatures vanquished

Notes
Turn   | Place    | Note
--------------------------------------------------------------
     0 | D:1      | Miyamura, the Deep Elf Fire Elementalist, began the quest for the Orb.
     0 | D:1      | Reached XP level 1. HP: 10/10 MP: 5/5
   272 | D:1      | Reached XP level 2. HP: 10/15 MP: 6/8
   359 | D:1      | Learned a level 2 spell: Throw Flame
  1063 | D:2      | Reached XP level 3. HP: 19/19 MP: 2/11
  1646 | D:2      | Reached skill level 4 in Fire Magic
  1646 | D:2      | Reached XP level 4. HP: 24/24 MP: 5/14
  2363 | D:2      | Found a basalt altar of Yredelemnul.
  2787 | D:3      | Noticed Jessica
  2790 | D:3      | Killed Jessica
  2790 | D:3      | Reached XP level 5. HP: 28/28 MP: 9/18
  3114 | D:3      | Found an ancient bone altar of Kikubaaqudgha.
  3114 | D:3      | Found an opulent altar of Gozag.
  3409 | D:3      | Learned a level 4 spell: Sticky Flame
  3415 | D:3      | Learned a level 5 spell: Fireball
  4246 | D:4      | Found a staircase to the Ecumenical Temple.
  4310 | Temple   | Entered the Ecumenical Temple
  4400 | Temple   | Became a worshipper of Vehumet
  4467 | D:5      | Entered Level 5 of the Dungeon
  4728 | D:5      | Reached XP level 6. HP: 30/32 MP: 12/20
  5095 | D:5      | Reached skill level 5 in Fire Magic
  5424 | D:5      | Reached skill level 5 in Spellcasting
  5559 | D:5      | Noticed an ogre
  5564 | D:5      | Killed an ogre
  5849 | D:6      | Acquired Vehumet's first power
  5849 | D:6      | Offered knowledge of Freeze by Vehumet.
  5852 | D:6      | Learned a level 1 spell: Freeze
  5909 | D:6      | Got a slimy robe
  5920 | D:6      | Identified the +2 robe "Waghieff" {+Inv rElec Slay+4} (You found it on level 6 of the Dungeon)
  5922 | D:6      | Reached XP level 7. HP: 36/36 MP: 20/23
  6110 | D:7      | Reached skill level 5 in Dodging
  6312 | D:7      | Reached skill level 6 in Spellcasting
  6559 | D:7      | Reached skill level 5 in Conjurations
  6870 | D:7      | Reached XP level 8. HP: 41/41 MP: 18/25
  7128 | D:7      | Reached skill level 7 in Spellcasting
  7787 | D:7      | Offered knowledge of Shock by Vehumet.
  8923 | D:8      | Noticed a centaur skeleton
  9091 | D:8      | Reached skill level 8 in Spellcasting
  9170 | D:8      | Found a staircase to the Lair.
  9305 | D:8      | Noticed Eustachio
  9322 | D:8      | Killed Eustachio
  9322 | D:8      | Reached XP level 9. HP: 45/45 MP: 7/28
  9497 | D:8      | Offered knowledge of Dazzling Spray by Vehumet.
  9892 | D:8      | Killed a centaur skeleton
  9892 | D:8      | Reached skill level 9 in Spellcasting
 10312 | D:8      | Acquired Vehumet's second power
 10692 | D:9      | Noticed Gastronok
 10815 | Lair:1   | Entered Level 1 of the Lair of Beasts
 10822 | Lair:1   | Noticed a five-headed hydra
 10827 | Lair:1   | Killed a five-headed hydra
 10827 | Lair:1   | Reached XP level 10. HP: 50/50 MP: 16/31
 10928 | Lair:1   | Noticed a spiny frog
 10938 | Lair:1   | Killed a spiny frog
 11441 | Lair:1   | Offered knowledge of Fulminant Prism by Vehumet.
 11498 | Lair:1   | Noticed a komodo dragon
 11502 | Lair:1   | Killed a komodo dragon
 11502 | Lair:1   | Reached skill level 10 in Spellcasting
 11776 | Lair:1   | Found a glowing silver altar of Zin.
 12049 | Lair:1   | Reached skill level 1 in Fighting
 12341 | Lair:2   | Noticed a black mamba
 12352 | Lair:2   | Killed a black mamba
 12619 | Lair:2   | Acquired Vehumet's third power
 12699 | Lair:2   | Noticed a black mamba
 12707 | Lair:2   | Killed a black mamba
 12995 | Lair:2   | Reached skill level 10 in Dodging
 12995 | Lair:2   | Reached skill level 5 in Stealth
 13190 | Lair:2   | Offered knowledge of Iskenderun's Mystic Blast by Vehumet.
 13190 | Lair:2   | Reached skill level 11 in Spellcasting
 13473 | Lair:2   | Reached XP level 11. HP: 59/59 MP: 22/33
 14415 | Lair:2   | Slain by a spiny frog

Action                   |  1- 3 |  4- 6 |  7- 9 | 10-12 || total
-------------------------+-------+-------+-------+-------++-------
Melee: Mace              |    10 |     4 |       |       ||    14
       Short sword       |       |    19 |    57 |     3 ||    79
 Cast: Flame Tongue      |    67 |    61 |    50 |     6 ||   184
       Throw Flame       |     7 |   115 |   136 |    70 ||   328
       Sticky Flame      |       |       |    21 |    30 ||    51
       Fireball          |       |       |    16 |    48 ||    64
  Use: Scroll            |       |     2 |     7 |    11 ||    20
       Potion            |       |       |       |     2 ||     2
 Stab: Sleeping          |     3 |     3 |     4 |       ||    10
  Eat: Chunk             |     2 |    13 |    14 |    10 ||    39
       Beef jerky        |       |     1 |     1 |       ||     2
       Pizza             |       |       |     1 |       ||     1
       Fruit             |       |       |     2 |     3 ||     5
       Royal jelly       |       |       |     1 |       ||     1
       Meat ration       |       |       |       |     1 ||     1
